 Dungeon Crawl Stone Soup version 0.27.1-33-g824d729ab1 (webtiles) character file.

Game seed: 7674089898113308036

184 mcbry74 the Firebug (level 5, -3/38 HPs)
             Began as a Hill Orc Fire Elementalist on Dec 27, 2021.
             Slain by an ogre (17 damage)
             ... on level 3 of the Dungeon.
             The game lasted 00:09:44 (3248 turns).

mcbry74 the Firebug (Hill Orc Fire Elementalist)    Turns: 3248, Time: 00:09:44

Health: -3/38      AC:  5    Str: 11    XL:     5   Next: 63%
Magic:  3/7        EV: 12    Int: 22    God:
Gold:   61         SH:  0    Dex: 11    Spells: 1/7 levels left

rFire    . . .     SeeInvis .   k - +0 club
rCold    . . .     Faith    .   (no shield)
rNeg     . . .     Spirit   .   a - +0 robe
rPois    .         Reflect  .   p - +0 helmet
rElec    .         Harm     .   i - +0 cloak
rCorr    .         Rampage  .   (no gloves)
Will     .....                  m - +0 pair of boots
Stlth    ++........             r - amulet of regeneration
HPRegen  1.12/turn              f - ring of wizardry
MPRegen  0.10/turn              s - +6 ring of intelligence

@: no status effects
A: no striking features
a: no special abilities


You were on level 3 of the Dungeon.
You visited 1 branch of the dungeon, and saw 3 of its levels.

You collected 61 gold pieces.

Inventory:

Hand Weapons
 b - a +0 dagger
 e - a +0 hand axe
 k - a +0 club (weapon)
 o - a +0 war axe
Missiles
 c - 31 stones (quivered)
 g - 38 sling bullets
Armour
 a - a +0 robe (worn)
 i - a +0 cloak (worn)
 m - a +0 pair of boots (worn)
 p - a +0 helmet (worn)
Jewellery
 f - a ring of wizardry (left hand)
 r - an amulet of regeneration (around neck)
 s - a +6 ring of intelligence (right hand)
Scrolls
 j - 2 scrolls of enchant weapon {unknown}
 l - a scroll of blinking {unknown}
 n - 2 scrolls of fog {unknown}
Potions
 d - 3 potions of curing {unknown}
 h - 2 potions of haste {unknown}
 q - a potion of flight {unknown}
 t - 2 potions of lignification {unknown}


   Skills:
 - Level 1.5 Dodging
 - Level 1.5 Stealth
 - Level 1.5 Spellcasting
 + Level 3.0 Conjurations
 * Level 5.8 Fire Magic


You had one spell level left.
You knew the following spells:

 Your Spells              Type           Power      Damage    Failure   Level
a - Foxfire               Conj/Fire      84%        2x1d8     1%          1
b - Fireball              Conj/Fire      10%        3d6       26%         5

Your spell library contained the following spells:

 Spells                   Type           Power      Damage    Failure   Level
 Conjure Flame            Conj/Fire      21%        6-21      2%          3
 Inner Flame              Hex/Fire       14%        N/A       5%          3
 Sticky Flame             Conj/Fire      21%        2d4       9%          4


Dungeon Overview and Level Annotations

Branches:
Dungeon (3/15)

Altars:


Message History

You throw a stone.
The stone hits the ogre but does no damage.
Casting: Foxfire (safe; 1% risk of failure)
Confirm with . or Enter, or press ? or * to list all spells.
You conjure some foxfire!
Casting: Foxfire (safe; 1% risk of failure)
Confirm with . or Enter, or press ? or * to list all spells.
You conjure some foxfire!
The foxfire hits the ogre.
The ogre is lightly wounded.
The foxfire hits the ogre.
The ogre is moderately wounded.
The foxfire hits the ogre.
The ogre is moderately wounded.
Casting: Foxfire (safe; 1% risk of failure)
Confirm with . or Enter, or press ? or * to list all spells.
You conjure some foxfire!
The foxfire hits the ogre.
The ogre is heavily wounded.
The foxfire hits the ogre.
The ogre is heavily wounded.
The foxfire hits the ogre but does no damage.
The ogre is heavily wounded.
Casting: Foxfire (safe; 1% risk of failure)
Confirm with . or Enter, or press ? or * to list all spells.
You conjure some foxfire!
The foxfire hits the ogre.
The ogre is severely wounded.
The foxfire hits the ogre.
The ogre is almost dead.
Casting: Foxfire (safe; 1% risk of failure)
Confirm with . or Enter, or press ? or * to list all spells.
You conjure some foxfire!
The ogre hits you with a +0 giant club!
The foxfire hits the ogre.
The ogre is almost dead.
The ogre hits you with a +0 giant club!!
Ouch! That really hurt!
* * * LOW HITPOINT WARNING * * *
Casting: Foxfire (safe; 1% risk of failure)
Confirm with . or Enter, or press ? or * to list all spells.
You conjure some foxfire!
The ogre hits you with a +0 giant club!
You die...

..####.#####..##..#
#.
.................[#
#.
..###..#####.#####
#. #.)# #.# #. #
#..# #># #.
#..###.†#####.#
#.............#
##.###vv#######
#@.###### #O......#
#.#####.# #.# #.#
#.#####.#########
#...............(
#######.#########
#.# #.#


You could see an ogre (ally target).

Vanquished Creatures
  A necrophage (D:2)
  A jelly (D:3)
  2 adders (D:2)
  A bat (D:1)
  8 endoplasms
  4 giant cockroaches
  6 goblins
  2 hobgoblins
  8 jackals
  4 kobolds
  A quokka (D:2)
  3 ball pythons
  2 frilled lizards
  6 rats
49 creatures vanquished.

Vanquished Creatures (others)
  136 foxfires
136 creatures vanquished.

Grand Total: 185 creatures vanquished

Notes
Turn   | Place    | Note
-------+----------+-------------------------------------------
     0 | D:1      | mcbry74 the Hill Orc Fire Elementalist began the quest for
                  | the Orb.
     0 | D:1      | Reached XP level 1. HP: 14/14 MP: 3/3
   310 | D:1      | Reached XP level 2. HP: 20/20 MP: 2/4
   794 | D:1      | Reached skill level 4 in Fire Magic
  1005 | D:1      | Reached XP level 3. HP: 23/26 MP: 0/5
  1219 | D:1      | Found a faded altar of an unknown god.
  1853 | D:2      | Noticed a necrophage
  1865 | D:2      | Killed a necrophage
  1866 | D:2      | Reached skill level 5 in Fire Magic
  1866 | D:2      | Reached XP level 4. HP: 32/33 MP: 1/6
  2148 | D:2      | Reached XP level 5. HP: 38/38 MP: 5/7
  3040 | D:3      | Learned a level 5 spell: Fireball
  3225 | D:3      | Noticed an ogre
  3248 | D:3      | Slain by an ogre

Illustrated notes

Levels and vault maps discovered:
D:1:      eino_arrival_cavern_d, layout_basic, basic_ecumenical_altar
D:2:      layout_loops_corners
D:3:      layout_loops_ring, serial_shops, shop

Skill      XL: |  1  2  3  4  5 |
---------------+----------------+-----
Fire Magic     | 4 5 |  5.8
Conjurations   | 2 3 |  3.0
Dodging        | |  1.5
Stealth        | |  1.5
Spellcasting   | |  1.5

Action                   |  1- 3 |  4- 6 || total
-------------------------+-------+-------++-------
Melee: Club              |     4 |     5 ||     9
Throw: Stone             |       |     1 ||     1
 Cast: Foxfire           |    41 |    39 ||    80
Armor: Robe              |     7 |     2 ||     9
Dodge: Dodged            |    23 |     6 ||    29
